 Dungeon Sprint DCSS version 0.30-a0-830-gfe289a77b0 (webtiles) character file.

Game seed: 7100629947538319604

0 rocky1 the Grasshopper (level 1, -5/19 HPs)
             Began as a Naga Warper on Feb 28, 2023.
             Was an Initiate of Cheibriados.
             Slain by a gnoll
             ... wielding a +0 flail
              (12 damage)
             ... in the Dungeon (Sprint VII: "The Pits").
             The game lasted 00:00:28 (77 turns).

rocky1 the Grasshopper (Naga Warper)                  Turns: 77, Time: 00:00:28

Health: -5/19      AC:  1    Str: 14    XL:     1   Next: 10%
Magic:  4/4        EV:  9    Int: 14    God:    Cheibriados [......]
Gold:   0          SH:  0    Dex: 11    Spells: 5/5 levels left

rFire   . . .      SeeInvis +    j - +2 trident
rCold   . . .      Faith    .    (no shield)
rNeg    . . .      Spirit   .    b - +0 leather armour
rPois   +          Reflect  .    (no helmet)
rElec   .          Harm     .    (no cloak)
rCorr   .          Rampage  .    (no gloves)
Will    .....      NoTele   +    (no barding)
Stlth   +                        (no amulet)
HPRegen 0.23/turn                (no ring)
MPRegen 0.09/turn                (no ring)

@: short of breath, very slow
A: AC +0, large, see invisible, deformed body, poison resistance, slowness 2,
spit poison 1, naga tail 1
a: Spit Poison, Renounce Religion


You were in the Dungeon.
You worshipped Cheibriados.
Cheibriados was noncommittal.
You visited 1 branch

Inventory:

Hand Weapons
 a - a +0 spear
 j - a +2 trident (weapon)
Missiles
 d - 7 boomerangs of dispersal (quivered)
Armour
 b - a +0 leather armour (worn)
Scrolls
 c - 2 scrolls of blinking
 l - 5 scrolls of amnesia
 m - a scroll of summoning
Potions
 e - a potion of curing
 f - a potion of heal wounds
 g - a potion of haste
 h - 4 potions of magic
 i - 3 potions of berserk rage
 k - 2 potions of invisibility


   Skills:
 + Level 2.0 Fighting
 + Level 2.0 Polearms
 + Level 0.8 Throwing
 + Level 0.7 Armour
 + Level 1.5 Dodging
 + Level 2.5 Spellcasting
 + Level 3.0 Translocations


You had 5 spell levels left.
You didn't know any spells.
Your spell library contained the following spells:

 Spells                   Type           Power      Damage    Failure   Level
 Blink                    Tloc           20%        N/A       13%         2
 Lesser Beckoning         Tloc           20%        N/A       13%         2
 Teleport Other           Tloc           10%        N/A       26%         3
 Vhi's Electric Charge    Tloc/Air       10%        N/A       43%         3
 Manifold Assault         Tloc           10%        N/A       63%         4


Dungeon Overview and Level Annotations

Branches:
Dungeon (1/1)

Altars:
Ashenzari
Cheibriados
Dithmenos
Elyvilon
Fedhas
Gozag
Hepliaklqana
Kikubaaqudgha
Makhleb
Nemelex Xobeh
Okawaru
Qazlal
Ru
Sif Muna
Trog
Uskayaw
Vehumet
Wu Jian
Xom
Yredelemnul
Zin
The Shining One
Jiyva
Lugonu


Innate Abilities, Weirdness & Mutations

Your serpentine skin is tough. (AC +0)
You have supernaturally acute eyesight. (SInv)
Armour fits poorly on your strangely shaped body.
Your system is resistant to poisons. (rPois)
You cover ground very slowly.
You can spit poison.
You have a snake-like lower body.


Message History

Things that are here:
a +2 falchion; a +2 dagger
Things that are here:
a +2 quarterstaff; a +2 trident
j - a +2 trident
j - a +2 trident (weapon)
You open the door.
Found 2 potions of magic, 10 stones and 2 scrolls of vulnerability.
There is an open door here.
h - 4 potions of magic (gained 2)
i - 3 potions of berserk rage (gained 2)
k - 2 potions of invisibility You see here 10 stones.
l - 5 scrolls of amnesia;
m - a scroll of summoning You see here 2 scrolls of vulnerability.
You see here 10 stones.
There is an open door here.
You see here a +2 quarterstaff.
Things that are here:
a +2 falchion; a +2 dagger
Things that are here:
a +2 mace; a +2 hand axe
There is an open door here.
You open the door.
A gnoll comes into view. It is wielding a +0 flail.
The gnoll shouts!
You reach to attack!
You barely miss the gnoll. You closely miss the gnoll.
The gnoll closely misses you. The gnoll hits you with a +0 flail.
You hit the gnoll.
The gnoll is moderately wounded.
The gnoll hits you with a +0 flail!
Aiming: Spit Poison (3% risk of failure)
Press: ? - help, Shift-Dir - straight line, f/p - gnoll
Aim: a gnoll, wielding a +0 flail (moderately wounded, 59% to hit)
The splash of poison hits the gnoll.
The gnoll is poisoned.
The gnoll is moderately wounded.
The gnoll hits you with a +0 flail!
Ouch! That really hurt!
You die...

############
#_________.#
#_________.#
#_______...###########++
##########'##...........
#.?(.')))'.##......#..#.
##########.##...........
#......@....'...........
#+#####g#####......#..#.
..# #........... +..+
####'#####++ ####
#.......# #.......#
#.......# #...<...#
#.......#


You could see a gnoll (poisoned).

Vanquished Creatures
  A bat (D)
1 creature vanquished.

Notes
Turn   | Place    | Note
-------+----------+-------------------------------------------
     0 | D        | rocky1 the Naga Warper began the quest for the Orb.
     0 | D        | Reached XP level 1. HP: 19/19 MP: 3/3
    25 | D        | Found a bloodstained altar of Trog.
    25 | D        | Found a shimmering blue altar of Sif Muna.
    25 | D        | Found a viscous altar of Jiyva.
    25 | D        | Found a hazy altar of Hepliaklqana.
    25 | D        | Found an opulent altar of Gozag.
    26 | D        | Found a glowing golden altar of the Shining One.
    26 | D        | Found a glowing silver altar of Zin.
    26 | D        | Found a basalt altar of Yredelemnul.
    26 | D        | Found a shimmering altar of Xom.
    26 | D        | Found an ornate altar of the Wu Jian Council.
    26 | D        | Found a sacrificial altar of Ru.
    26 | D        | Found a stormy altar of Qazlal.
    26 | D        | Found an iron altar of Okawaru.
    26 | D        | Found a sparkling altar of Nemelex Xobeh.
    26 | D        | Found a burning altar of Makhleb.
    26 | D        | Found a blossoming altar of Fedhas.
    26 | D        | Found a white marble altar of Elyvilon.
    26 | D        | Found a shadowy altar of Dithmenos.
    26 | D        | Found a snail-covered altar of Cheibriados.
    30 | D        | Found a corrupted altar of Lugonu.
    30 | D        | Found a radiant altar of Vehumet.
    31 | D        | Found a broken altar of Ashenzari.
    31 | D        | Found an ancient bone altar of Kikubaaqudgha.
    31 | D        | Found a hide-covered altar of Uskayaw.
    37 | D        | Became a worshipper of Cheibriados the Contemplative
    77 | D        | Slain by a gnoll

Illustrated notes

Levels and vault maps discovered:
D:        pitsprint [storerooms_1, entrance_room_1, metal_vault_3, armoury_2,
          mini_pit_1, grid_room_1, main_hall_1, silver_pit, the_coven_1,
          the_vestibule_1, steel_vault_1, golden_pit, hallway_of_sentries,
          crystal_vault_1, iron_vault_1, final_vault]

Action                     || total
---------------------------++-------
  Melee: Spear             ||     6
         Trident           ||     3
Ability: Spit Poison       ||     1
 Armour: Leather armour    ||     6
  Dodge: Dodged            ||     6

Table legend: (Time is in decaauts)
 A = Elapsed time spent in this place.
 B = Non-inter-level travel time spent in this place.
 C = Inter-level travel time spent in this place.
 D = Time resting spent in this place.
 E = Time spent auto-exploring this place.
 F = Levels seen in this place.
 G = Mean time per level.
                   A        B        C        D        E       F      G
               +--------+--------+--------+--------+--------+-----+--------+
         Total |    109 |    109 |      0 |      0 |      0 |   1 |  109.0 |
       Dungeon |    109 |    109 |      0 |      0 |      0 |   1 |  109.0 |
               +--------+--------+--------+--------+--------+-----+--------+

Top non-repeatable levels by time:
       D: 109 daAuts
